 Dungeon Crawl Stone Soup version 0.18.1-48-g4cf74bf (webtiles) character file.

63 Joat the Cutter (level 4, 30/38 HPs)
             Began as a Naga Transmuter on Aug 18, 2016.
             Quit the game on level 2 of the Dungeon.
             The game lasted 00:07:08 (1826 turns).

Joat the Cutter (Naga Transmuter)                   Turns: 1826, Time: 00:07:09

Health: 30/38      AC:  7    Str: 12    XL:     4   Next: 9%
Magic:  7/7        EV:  9    Int: 13    God:
Gold:   36         SH:  0    Dex: 13    Spells: 1 memorised, 6 levels left

rFire  . . .     SeeInvis +     e - +0 dagger (protect)
rCold  . . .     Gourm    .     k - +0 leather armour (curse)
rNeg   + . .     Faith    .     (no shield)
rPois  +         Spirit   .     (no helmet)
rElec  .         Dismiss  .     (no cloak)
rCorr  +         Reflect  .     (no gloves)
SustAt .         Harm     .     (no barding)
MR     .....                    (no amulet)
Stlth  +.........               m - ring of resist corrosion
                                r - ring of positive energy

@: very slow, not resistant to hostile enchantments, very unstealthy
A: see invisible, deformed body, poison resistance, slowness 2, slow metabolism
1, spit poison 2, AC +1
a: Spit Poison


You were on level 2 of the Dungeon.
You were not hungry.

You visited 1 branch of the dungeon, and saw 2 of its levels.

You collected 36 gold pieces.

Inventory:

Hand Weapons
 e - a +0 dagger of protection (weapon)
Missiles
 a - 12 arrows
Armour
 b - a +0 robe
 j - a +0 buckler
 k - a cursed +0 leather armour (worn)
Jewellery
 f - an uncursed ring of flight
 m - a ring of resist corrosion (right hand)
 r - a ring of positive energy (left hand)
Scrolls
 h - a scroll of immolation {unknown}
 l - a scroll of identify {unknown}
 q - a scroll of random uselessness {unknown}
 t - a scroll of teleportation {unknown}
Potions
 g - a potion of flight {unknown}
 n - a potion of might
Books
 c - a book of Changes

   Spells                             Type                      Level
   a - Beastly Appendage              Transmutation                1
   b - Sticks to Snakes               Transmutation                2
   c - Spider Form                    Transmutation/Poison         3
   d - Ice Form                       Ice/Transmutation            4
   e - Blade Hands                    Transmutation                5
Comestibles
 d - a bread ration
 i - a meat ration
 o - a royal jelly
 p - a beef jerky
 s - 6 chunks of flesh
 u - 2 fruits


   Skills:
 + Level 1.0 Fighting
 * Level 3.3 Short Blades
 + Level 1.5 Dodging
 - Level 3.2 Unarmed Combat
 - Level 2.0 Spellcasting
 - Level 2.0 Transmutations


You had 6 spell levels left.
You knew the following spells:

 Your Spells              Type           Power        Failure   Level  Hunger
a - Beastly Appendage     Trmt           #.....       14%         1    ##.....


Dungeon Overview and Level Annotations

Branches:
Dungeon (2/15)

Altars:
Ru


Innate Abilities, Weirdness & Mutations

You cannot wear boots.
Your serpentine skin is tough (AC +1).
You have supernaturally acute eyesight.
Armour fits poorly on your strangely shaped body.
Your system is resistant to poisons.
You cover ground very slowly.
You have a slow metabolism.
You can spit poison.


Message History

The ooze is moderately wounded.
The ooze hits you but does no damage.
You hit the ooze but do no damage.
The ooze is moderately wounded.
The ooze hits you but does no damage.
You hit the ooze.
The ooze is heavily wounded.
The ooze barely misses you.
You hit the ooze.
The ooze is severely wounded.
The ooze hits you.
You completely miss the ooze.
The ooze is severely wounded.
You completely miss the ooze.
The ooze is severely wounded.
The ooze barely misses you.
You hit the ooze.
You kill the ooze!
A dart slug comes into view.
Are you sure you want to abandon this character and quit the game? (Confirm with "yes".)

.. #.# . ...
....###.###### #.#..
.........<.... #.#.#
....###.######
#.#.#.....###.####..
...#w#............#
... #######.######
##.. #.# #.# ... #@#
#.# #.. #.# ... ...
#.. ##.# ### #..
#..##..## #..
#.......# #..
#.......####. #..
####.......... #..
#........##### ###..
#.........# #....


You could see a dart slug.

Vanquished Creatures
  An adder (D:2)
  An ooze (D:2)
  3 giant geckos (D:1)
  3 bats
  2 giant cockroaches (D:1)
  7 goblins
  6 hobgoblins
  4 jackals (D:1)
  6 kobolds
  A ball python (D:1)
  2 giant newts
  7 rats
43 creatures vanquished.

Notes
Turn   | Place    | Note
--------------------------------------------------------------
     0 | D:1      | Joat the Naga Transmuter began the quest for the Orb.
     0 | D:1      | Reached XP level 1. HP: 18/18 MP: 3/3
   281 | D:1      | Reached skill level 1 in Short Blades
   281 | D:1      | Reached XP level 2. HP: 22/25 MP: 5/5
   733 | D:1      | Reached XP level 3. HP: 27/31 MP: 6/6
  1569 | D:2      | Found a sacrificial altar of Ru.
  1768 | D:2      | Reached XP level 4. HP: 25/38 MP: 7/7
  1826 | D:2      | Quit the game

Skill      XL: |  1  2  3 |
---------------+----------+-----
Short Blades   | 1 2 3 |  3.3
Fighting       | |  1.0
Dodging        | |  1.5
Unarmed Combat | |  3.2
Spellcasting   | |  2.0
Transmutations | |  2.0

Action                   |  1- 3 |  4- 6 || total
-------------------------+-------+-------++-------
Melee: Dagger            |   195 |    16 ||   211
       Unarmed           |     8 |       ||     8
       Punch             |     1 |       ||     1
 Abil: Spit Poison       |     4 |       ||     4
  Use: Potion            |     3 |       ||     3
       Scroll            |     1 |       ||     1
  Eat: Chunk             |     2 |       ||     2
Armor: Robe              |    15 |       ||    15
       Leather armour    |    85 |     7 ||    92
Dodge: Dodged            |   114 |     5 ||   119
